Graznop, chaotic female human Barbarian ......................}}....}}................................ .................}}...}}................................. ..............}}...}}................................ -............}}..}}................................ |.............}}}}................................. |..............}}.................................. |.............}}................................... -........}}.................................... |.......}}}.................................... |......}}}}}................................... | -----.......}}}.................................... |...............;;...........%......................... +... -----.....@.........%%%......................... | |....;}..........%%..................O...... |...}}}..................................... -------------- -----....}}}.........%%......................... ....................................}}...................................... ...................................}}.........................^............. ...................................}}....................................... ..................................}}........................................ Graznop the Brigand Experience level: 11 Strength: 18/04 Dexterity: 18 Constitution: 18 Intelligence: 8 Wisdom: 8 Charisma: 8 Health: 95(112) Energy: 26(26) AC: -1 Gold: 1963 Moves: 13969 Your Inventory: Coins $ - 1963 gold pieces Weapons v - an [uncursed +0] elven dagger [of searching] y - a blessed [+1] elven dagger E - an [uncursed +0] battle-axe U - an uncursed +0 elven short sword of searching (weapon in hand) Armor u - an uncursed +0 cloak of displacement (being worn) A - an uncursed very rusty +0 orcish helm (being worn) G - an [uncursed] +0 shield of reflection (being worn) Q - an uncursed +0 pair of leather gloves (being worn) T - a blessed +0 dwarvish mithril-coat (being worn) Comestibles o - an [uncursed] cream pie p - an [uncursed] tripe ration r - 3 [uncursed] lumps of royal jelly z - an [uncursed] sprig of wolfsbane F - an [uncursed] banana O - 2 [uncursed] lizard corpses S - an [uncursed] apple Scrolls f - an [uncursed] scroll called ab 200 [of flood] m - 4 [uncursed] unlabeled scrolls [of blank paper] C - a [blessed] scroll called hm 100 [of fire] H - an uncursed scroll of punishment Y - 3 [uncursed] scrolls of identify Z - an [uncursed] scroll called t 100 [of gold detection] Potions d - an [uncursed] potion called pink 50 [of booze] e - a [cursed] potion called sky blue 150 [of object detection] g - an [uncursed] yellow potion [of paralysis] h - an [uncursed] magenta potion [of gain ability] i - an [uncursed] black potion [of restore ability] l - an [uncursed] potion of oil J - 2 [uncursed] clear potions [of water] L - 2 [uncursed] potions called pink 50 [of booze] M - an uncursed potion of healing P - an [uncursed] yellow potion [of paralysis] Rings I - an uncursed ring of conflict Wands j - an uncursed wand of lightning (0:0) B - an [uncursed] wand of speed monster [0:7] D - an uncursed wand of cold (0:0) K - an uncursed wand of speed monster [0:5] R - an [uncursed] wand of striking [0:6] Tools b - an uncursed blindfold k - an uncursed lock pick s - an uncursed sack w - an uncursed magic whistle V - an [uncursed] stethoscope Gems N - an uncursed stone called lucky [luckstone] Contents of the sack: an uncursed scroll called ab 200 [of flood] 2 uncursed scrolls called earth [of earth] an uncursed scroll called t 100 [of gold detection] an uncursed scroll called vn ew? [of enchant weapon] 2 uncursed scrolls of create monster 2 uncursed scrolls of identify an uncursed scroll of teleportation a blessed unlabeled scroll [of blank paper] 5 uncursed unlabeled scrolls [of blank paper] a cursed unlabeled scroll [of blank paper] an uncursed ring called agate 200 [of slow digestion] a cursed ring called black onyx 100 [of hunger] a cursed [-2] ring called copper 150 [of gain strength] a cursed ring called iron 200 [of teleportation] an uncursed ring called ridged 300 [of polymorph control] an uncursed ring called ruby 150 [of shock resistance] a cursed [-1] ring called shiny 150 [of gain wisdom] a cursed ring called wedding 150 [of poison resistance] a cursed ring of aggravate monster an uncursed [+2] ring of gain intelligence 23 uncursed [wax] candles an uncursed leash an [uncursed] black gem [worthless glass] an [uncursed] blue gem [worthless glass] 5 [uncursed] green gems [emerald] 2 [uncursed] green gems [worthless glass] 2 [uncursed] red gems [worthless glass] 2 [uncursed] red gems [jasper] 2 [uncursed] red gems [ruby] 3 [uncursed] violet gems [amethyst] 3 [uncursed] violet gems [worthless glass] 3 [uncursed] white gems [diamond] an [uncursed] white gem [dilithium crystal] Spells known in the end: Name Level Category Fail Memory Your skills at the end: Fighting Skills bare handed combat [Basic / Master] body armor [Basic / Skilled] Weapon Skills dagger [Basic / Basic] axe [Skilled / Expert] short sword [Basic / Expert] Spellcasting Skills Final Attributes: You were piously aligned. Hunger level was 463. Your alignment was 79 / 79. Monster difficulty range was 1 - 11. Level difficulty was 11. You resisted sleep. You were immune to poison. You were telepathic. You had automatic searching. You were displaced. You were held by a giant eel. You were fast. You had reflection. You were lucky (4). You had extra luck. Bad luck did not time out for you. Good luck did not time out for you. You are dead. Vanquished creatures: a queen bee a giant mimic a baby long worm 2 long worms a stalker 6 small mimics a rodent of unusual size 2 ogre lords a quantum mechanic a wood golem a large dog 2 flaming spheres a shocking sphere a large cat a tiger 4 tengu an elf mummy a human mummy a Grey-elf 4 soldiers 2 watchmen a giant beetle a cockatrice a winter wolf cub a lynx 2 leprechauns an iron piercer 2 giant spiders an ice vortex a gnome king an orc mummy 9 ogres a rust monster an owlbear 2 gold golems a Green-elf 2 lizards a dog a dingo a housecat 2 jaguars a dwarf lord a blue jelly a dust vortex a raven a plains centaur a gnome mummy a snake 5 apes 2 Woodland-elves 2 wood nymphs 4 water nymphs a mountain nymph 13 Mordor orcs 4 Uruk-hai 3 orc shamans a rock piercer 2 enormous rats 3 yellow lights 2 shriekers 2 violet fungi 18 gnome lords 4 gnomish wizards 2 black naga hatchlings a gray ooze a barrow wight a ghoul a straw golem 3 paper golems 2 wax golems a giant ant 3 little dogs 4 floating eyes 3 kittens 20 dwarves a homunculus a kobold lord 6 hill orcs 2 rothes 2 rabid rats 6 giant bats 2 monkeys 4 orc zombies 2 dwarf zombies 4 wererats 8 iguanas 35 killer bees 3 acid blobs 4 coyotes 2 gas spores 8 hobbits a large kobold 5 giant rats 4 cave spiders 2 brown molds a yellow mold a green mold 2 red molds 80 gnomes 3 gnome zombies 4 geckos 3 jackals 7 foxes 4 goblins 6 sewer rats 5 grid bugs 2 bats 6 lichens 3 kobold zombies 6 newts 419 creatures vanquished. Voluntary challenges: You used a wielded weapon 600 times. You read items or engraved 9 times. You put on armor 35 times. You never genocided any monsters. You never polymorphed an object. You changed form 1 time. You used 1 wish. You did not wish for any artifacts. You wrote Elbereth's name 1 time. You never encountered a bones level. You used 1 Sokoban shortcut. Dungeon overview: The Dungeons of Doom: levels 1 to 14 Level 1 a fountain a long staircase Level 2 an armor shop Level 3 an armor shop, a sink stairs to The Gnomish Mines Level 4 a potion shop, an altar, a fountain, a sink Level 5 many fountains Level 6 stairs to Sokoban Level 7 an altar to Set stairs to Town Level 8 a fountain Level 9 a general store Level 10 a sink, many trees Level 11 a fountain portal to The Quest Level 12 some fountains Level 13 a delicatessen Level 14 some fountains The Gnomish Mines: levels 4 to 11 Level 4 stairs to The Dungeons of Doom Level 7 many shops, a temple, a magic chest, some fountains Level 11 a fountain The Quest: Level 1 <- You were here portal to The Dungeons of Doom Sokoban: levels 3 to 5 Level 5 a magic chest stairs to The Dungeons of Doom Town: levels 4 to 6 Level 4 many shops, some fountains, a sink Level 5 many fountains, many trees Level 6 stairs to The Dungeons of Doom History has recorded: On T:1 you entered the Dungeons of Doom to retrieve the Amulet of Yendor! On T:20 you reached level 2 of The Dungeons of Doom. On T:368 you advanced to experience level 2. On T:388 you reached level 3 of The Dungeons of Doom. On T:716 you advanced to experience level 3. On T:792 you advanced to experience level 4. On T:879 you reached level 1 of The Gnomish Mines. On T:916 you reached level 4 of The Dungeons of Doom. On T:1162 you reached level 5 of The Dungeons of Doom. On T:1227 you advanced to experience level 5. On T:1479 you reached level 6 of The Dungeons of Doom. On T:1481 you advanced to experience level 6. On T:1699 you reached level 3 of Sokoban. On T:2179 you reached level 2 of Sokoban. On T:2490 you reached level 1 of Sokoban. On T:2593 you advanced to experience level 7. On T:3159 you reached level 7 of The Dungeons of Doom. On T:4651 you advanced to experience level 8. On T:5220 you reached level 2 of The Gnomish Mines. On T:5263 you reached level 3 of The Gnomish Mines. On T:5274 you reached level 4 of The Gnomish Mines. On T:6156 you wished for "blessed +2 dwarvish mithril coat". On T:6237 you reached level 5 of The Gnomish Mines. On T:6308 you advanced to experience level 9. On T:6404 you reached level 6 of The Gnomish Mines. On T:6548 you reached level 7 of The Gnomish Mines. On T:6833 you reached level 8 of The Gnomish Mines. On T:8267 you advanced to experience level 10. On T:9708 you reached level 3 of Town. On T:9820 you reached level 2 of Town. On T:9889 you reached level 1 of Town. On T:10511 you reached level 8 of The Dungeons of Doom. On T:10843 you reached level 9 of The Dungeons of Doom. On T:11011 you reached level 10 of The Dungeons of Doom. On T:11335 you reached level 11 of The Dungeons of Doom. On T:11746 you reached level 12 of The Dungeons of Doom. On T:12179 you reached level 13 of The Dungeons of Doom. On T:12225 you reached level 14 of The Dungeons of Doom. On T:12575 you advanced to experience level 11. On T:13911 you reached level 1 of The Quest. Latest messages: You have a little trouble lifting R - a wand of striking. There are several more objects here. [HP+1=112] You see here an ogre lord corpse. You see here 2 ogre corpses. [2 turns] You see here an ogre corpse. [2 turns] The giant eel misses. The giant eel swings itself around you! You cannot escape from the giant eel! The giant eel bites! The giant eel pulls you towards the water! [HP-7=105] As you read the scroll, it disappears. A mysterious force prevents you from teleporting! You cannot escape from the giant eel! The giant eel misses. The giant eel brushes against your leg. The giant eel bites! The giant eel drowns you... Final status: Goodbye Graznop the Barbarian... You drowned in The Quest on dungeon level 1 with 3965 points, and 1963 pieces of gold, after 13969 moves. You were level 11 with a maximum of 112 hit points when you drowned.